Map: [ESL] Site Delta

Players

Dolan

  • Race: Terran Terran
  • Spawn Location: 11:00

DRG - Winner!

  • Race: Zerg Zerg
  • Spawn Location: 5:00

Event: ESL SC2 Masters 2023 Winter (Finals)

VOD

Have the link to the VOD?

Description

Time

  • Played on: Dec. 15, 2023, 9:39 a.m.
  • Length: 3:22

All games in this series

Show
View Real Time Build Order
Export as new Build Order

Dolan Terran 

Build Orders:  

Get SALT Encoding   

  12  0:01  SCV  
  13  0:14  SCV  
  14  0:17  Supply Depot  
  14  0:26  SCV  
  15  0:41  Barracks  
  15  0:52  Barracks  
  15  1:04  Barracks  
  15  1:08  SCV  
  16  1:20  SCV  
  17  1:28  Marine  
  18  1:34  Orbital Command  
  18  1:40  Bunker, Marine  
  19  1:49  Marine  
  19  1:51  Marine  
  21  1:58  Marine  
  22  2:01  Supply Depot  
  22  2:07  Marine  
  21  2:19  Marine x2  
  22  2:23  SCV  
  22  2:24  Marine  
  24  2:37  Marine  
  24  2:42  Marine  
  26  2:47  SCV  
  27  2:54  Marine  
  27  2:57  Marine  
  29  3:00  Marine  
  29  3:04  Refinery  
Show
View Real Time Build Order
Export as new Build Order

DRG Zerg - Winner!

Build Orders: Pool First 

Get SALT Encoding   

  12  0:00  Drone  
  13  0:12  Overlord  
  13  0:16  Drone  
  14  0:30  Drone x2  
  14  0:34  Drone  
  17  0:44  Spawning Pool  
  17  0:47  Drone  
  17  0:55  Drone  
  18  1:10  Hatchery  
  17  1:12  Extractor  
  17  1:14  Drone  
  17  1:31  Zergling x4, Queen  
  21  1:39  Zergling x2  
  22  1:44  Roach Warren  
  21  1:51  Zergling x2  
  22  1:59  Overlord  
  19  2:25  Roach x3  
  25  2:32  Roach  
  25  2:36  Roach  
  29  2:43  Roach  
  31  2:47  Overlord  
  31  2:49  Roach  
  33  2:55  Overlord  
Tags
 
Add a new tag
Caveats
  • Supply blocks, unpowered buildings, or Contaminate may cause inaccurate times.
  • Supply counts are checked every 10 seconds.